 Dungeon Crawl Stone Soup version 0.31.0-11-ge490571c62 (webtiles) character file.

Game seed: 4234391001404524231

410 Gadfly the Insei (level 6, -6/42 HPs)
             Began as a Demonspawn Monk on Feb 2, 2024.
             Mangled by a crocodile (15 damage)
             ... in a sewer.
             The game lasted 00:04:50 (2618 turns).

Gadfly the Insei (Demonspawn Monk)                  Turns: 2618, Time: 00:04:50

Health: -6/42      AC:  4    Str: 14    XL:     6   Next: 58%
Magic:  6/6        EV: 13    Int: 10    God:
Gold:   5          SH:  0    Dex: 15    Spells: 5/5 levels left

rFire   . . .        b - +1 dagger (venom)
rCold   . . .        (no shield)
rNeg    . . .        a - +1 robe
rPois   +            (no helmet)
rElec   .            d - +0 cloak
rCorr   .            (no gloves)
SInv    .            (no boots)
Will    +....        (no amulet)
Stlth   +            g - ring of poison resistance
HPRegen 0.27/turn    (no ring)
MPRegen 0.10/turn

%: no passive effects
@: no status effects
A: demonic guardian 1, demonic touch 2, frail 1, strong-willed 1, teleportitis
1, wild magic 1, persistent drain
a: no special abilities


You were in a sewer.
You visited 1 branch of the dungeon, and saw 4 of its levels.
You also visited: Sewer.

You collected 119 gold pieces.
You spent 114 gold pieces at shops.

Inventory:

Hand Weapons
 b - a +1 dagger of venom (weapon)
 k - a +0 dagger of protection
Armour
 a - a +1 robe (worn)
 c - an orb of light
 d - a +0 cloak (worn)
Jewellery
 g - a ring of poison resistance (left hand)
Wands
 i - a wand of polymorph (3)
 n - a wand of flame (22) (quivered)
Scrolls
 e - a scroll of poison
 l - 2 scrolls of vulnerability
Potions
 f - a potion of cancellation
 h - a potion of enlightenment {unknown}
 j - a potion of curing
 m - a potion of lignification
 o - 2 potions of ambrosia


   Skills:
 - Level 3.0 Fighting
 + Level 3.6 Dodging
 * Level 4.2 Unarmed Combat
 * Level 3.2 Evocations
 * Level 2.7 Shapeshifting


You had 5 spell levels left.
You didn't know any spells.
Your spell library was empty.

Dungeon Overview and Level Annotations

Branches:
Dungeon (4/15)              Sewer (1/1)
 Temple: D:4-7

Altars:

Shops:
D:3 *   D:4 ?*


Innate Abilities, Weirdness & Mutations

A weak demonic guardian rushes to your aid.
Your touch may inflict irresistible damage on your foes.
You are frail. (-10% HP)
You are strong-willed. (Will+)
You are occasionally teleported next to monsters.
Your spells are a little harder to cast, but a little more powerful.
Your health recovers twice as slowly from being drained.


Message History

You are too injured to fight recklessly!
Aiming: Throw Flame
Press: ? - help, Shift-Dir - straight line, f/p - crocodile
Aim: a crocodile (64% to hit)
The puff of flame hits the crocodile.
The crocodile is lightly wounded.
Aiming: Throw Flame
Press: ? - help, Shift-Dir - straight line, f/p - crocodile
Aim: a crocodile (lightly wounded, 64% to hit)
The puff of flame hits the crocodile.
The crocodile is moderately wounded.
Aiming: Throw Flame
Press: ? - help, Shift-Dir - straight line, f/p - crocodile
Aim: a crocodile (moderately wounded, 64% to hit)
The puff of flame hits the crocodile.
The crocodile is heavily wounded.
You barely miss the crocodile.
The crocodile is heavily wounded.
The crocodile barely misses you.
You closely miss the crocodile.
The crocodile is heavily wounded.
The crocodile barely misses you.
You closely miss the crocodile.
The crocodile is heavily wounded.
The crocodile closely misses you.
You hit the crocodile.
The crocodile is poisoned.
The crocodile is severely wounded.
The crocodile bites you! The crocodile drags you backwards!
You completely miss the crocodile. Your touch misses the crocodile.
The crocodile is severely wounded.
The crocodile closely misses you.
You hit the crocodile but do no damage.
The crocodile is severely wounded.
The crocodile bites you.
* * * LOW HITPOINT WARNING * * *
A demonic guardian appears!
The crocodile drags you backwards!
You hit the crocodile but do no damage.
The crocodile is severely wounded.
The crocodile bites you!
You die...

### #.# . #.# ...
#######†####.....
∩......†.@l......
#######.####.....
#.# ... #.# . #.#
#.# #.# ##.##
##...##


You could see a crocodile (very poisoned).

Vanquished Creatures
  A black bear (D:4)
  A brain worm (Sewer)
  An orc priest (D:3)
  An iguana (D:4)
  Jessica (D:2)
  8 adders
  A dart slug (D:2)
  A ribbon worm (D:2)
  6 orcs
  10 bats
  6 endoplasms (D:1)
  2 giant cockroaches
  9 goblins
  8 hobgoblins
  4 jackals (D:2)
  2 kobolds (D:1)
  2 quokkas
  5 ball pythons
  4 frilled lizards
  3 rats
76 creatures vanquished.

Vanquished Creatures (collateral kills)
  A river rat (D:4)
  A dart slug (D:4)
  A frilled lizard (D:4)
3 creatures vanquished.

Grand Total: 79 creatures vanquished

Notes
Turn   | Place    | Note
-------+----------+-------------------------------------------
     0 | D:1      | Gadfly the Demonspawn Monk began the quest for the Orb.
     0 | D:1      | Reached XP level 1. HP: 18/18 MP: 1/1
   266 | D:1      | Gained mutation: A weak demonic guardian rushes to your
                  | aid. [demonic ancestry]
   266 | D:1      | Reached XP level 2. HP: 23/24 MP: 2/2
   533 | D:1      | Reached skill level 1 in Evocations
   592 | D:1      | Reached skill level 3 in Unarmed Combat
   985 | D:2      | Reached skill level 1 in Shapeshifting
   985 | D:2      | Gained mutation: Your touch may inflict minor irresistible
                  | damage on your foes. [demonic ancestry]
   985 | D:2      | Reached XP level 3. HP: 26/29 MP: 3/3
  1117 | D:2      | Noticed Jessica
  1123 | D:2      | Killed Jessica
  1124 | D:2      | Gained mutation: Your touch may inflict irresistible damage
                  | on your foes. [demonic ancestry]
  1124 | D:2      | Reached XP level 4. HP: 27/35 MP: 4/4
  1522 | D:3      | Reached XP level 5. HP: 25/41 MP: 5/5
  2204 | D:3      | Found Otead's General Store.
  2212 | D:3      | Bought a potion of lignification for 30 gold pieces
  2212 | D:3      | Gained mutation: You expend magic power (3 MP) to
                  | strengthen your wands. [potion of mutation]
  2212 | D:3      | Gained mutation: Your magical capacity is low. (-10% MP)
                  | [potion of mutation]
  2212 | D:3      | Gained mutation: You are frail. (-10% HP) [potion of
                  | mutation]
  2214 | D:3      | Lost mutation: Your magical capacity is low. (-10% MP)
                  | [potion of mutation]
  2214 | D:3      | Lost mutation: You expend magic power (3 MP) to strengthen
                  | your wands. [potion of mutation]
  2214 | D:3      | Gained mutation: You are strong-willed. (Will+) [potion of
                  | mutation]
  2214 | D:3      | Gained mutation: You have hidden genetic defects. [potion
                  | of mutation]
  2214 | D:3      | Gained mutation: Your spells are a little harder to cast,
                  | but a little more powerful. [potion of mutation]
  2335 | D:4      | Found Haih's Magic Scroll Shop.
  2351 | D:4      | Bought a scroll of poison for 56 gold pieces
  2351 | D:4      | Bought a scroll of identify for 28 gold pieces
  2414 | D:4      | Gained mutation: You are occasionally teleported next to
                  | monsters. [hidden defects]
  2438 | D:4      | Noticed a black bear
  2448 | D:4      | Found Unemn's General Store.
  2476 | D:4      | Killed a black bear
  2477 | D:4      | Reached skill level 4 in Unarmed Combat
  2477 | D:4      | Reached XP level 6. HP: 22/42 MP: 6/6
  2482 | D:4      | Gained mutation: Your health recovers twice as slowly from
                  | being drained. [hidden defects]
  2482 | D:4      | Lost mutation: You have hidden genetic defects. [hidden
                  | defects expressed]
  2562 | D:4      | Found a glowing drain.
  2566 | Sewer    | Entered a sewer
  2618 | Sewer    | Mangled by a crocodile

Illustrated notes

Levels and vault maps discovered:
D:1:      ncdulo_smallfort, layout_basic, moated_statue,
          nicolae_twisty_statue_hallways
D:2:      layout_rooms, uniq_jessica
D:3:      wander_river, layout_loops_ring, serial_shops, shop
D:4:      minmay_evil_eye, layout_cave_pools, grunt_gozag_statues,
          lemuel_temple_firewalk_b, mainiacjoe_sewer_entry_somewhere_in_here_2,
          serial_shops, shop, shop, kennysheep_mini, nicolae_figureground_pulse
Sewer:    sewer_big_baddie

Skill      XL: |  1  2  3  4  5 |
---------------+----------------+-----
Evocations     | 1 2 3 |  3.2
Unarmed Combat | 3 4 |  4.2
Shapeshifting  | 1 2 |  2.7
Dodging        | 3 |  3.6
Fighting       | |  3.0

Action                     |  1- 3 |  4- 6 || total
---------------------------+-------+-------++-------
  Melee: Unarmed           |    79 |   113 ||   192
         Touch             |     4 |    24 ||    28
         Dagger            |       |    30 ||    30
         Punch             |       |     2 ||     2
  Evoke: Wand              |       |     4 ||     4
    Use: Scroll            |     1 |     7 ||     8
         Potion            |       |     4 ||     4
   Stab: Sleeping          |       |     3 ||     3
         Distracted        |       |     2 ||     2
 Armour: Robe              |    29 |   101 ||   130
  Dodge: Dodged            |    50 |   137 ||   187
